 Dungeon Crawl Stone Soup version 0.26-a0-712-ga5a9c9c9d0 (webtiles) character file.

Game seed: 1453103641177411614

2339 Azzok the Cleaver (level 9, -4/63 HPs)
             Began as a Demonspawn Berserker on Nov 9, 2020.
             Was an Elder of Trog.
             Slain by an orc warrior
             ... wielding a +2 glaive of holy wrath
              (7 damage)
             ... on level 6 of the Dungeon.
             The game lasted 00:12:52 (8597 turns).

Azzok the Cleaver (Demonspawn Berserker)            Turns: 8597, Time: 00:12:53

Health: -4/63      AC: 11    Str: 21    XL:     9   Next: 19%
Magic:  9/9        EV:  6    Int:  8    God:    Trog [****..]
Gold:   379        SH:  7    Dex: 13    Spells: 8/8 levels left

rFire    . . .     SeeInvis .   b - +2 dagger (venom)
rCold    . . .     Faith    .   m - +2 buckler
rNeg     . . .     Spirit   .   A - +0 plate armour
rPois    .         Reflect  .   (helmet restricted)
rElec    .         Harm     .   (no cloak)
rCorr    .         Rampage  .   c - +0 pair of gloves
MR       .....                  (no boots)
Stlth    ..........             (no amulet)
HPRegen  0.20/turn              (no ring)
MPRegen  0.11/turn              (no ring)

@: berserk cooldown, slowed, very slow
A: antennae 2, powered by death 1, rot immunity
a: Berserk, Trog's Hand, Brothers in Arms, Renounce Religion


You were on level 6 of the Dungeon.
You worshipped Trog.
Trog was greatly pleased with you.
You visited 1 branch of the dungeon, and saw 6 of its levels.

You collected 379 gold pieces.

Inventory:

Hand Weapons
 b - a +2 dagger of venom (weapon)
 h - a cursed +0 flail
 t - a +2 short sword of electrocution
 y - a +1 dagger of electrocution
 E - a +0 broad axe
Armour
 c - a +0 pair of gloves (worn)
 m - a +2 buckler (worn)
 A - a +0 plate armour (worn)
Wands
 q - a wand of acid (8)
 D - a wand of flame (19)
Scrolls
 d - 4 scrolls of teleportation
 f - 2 scrolls of remove curse
 i - 6 scrolls of identify
 l - 2 scrolls of magic mapping
 n - 4 scrolls of blinking {unknown}
 o - a scroll of fog
 s - 2 scrolls of enchant armour {unknown}
 u - a scroll of vulnerability {unknown}
 x - 2 scrolls of enchant weapon
 z - a scroll of acquirement {unknown}
Potions
 a - a potion of lignification {unknown}
 e - 2 potions of stabbing
 g - a potion of mutation {unknown}
 j - a potion of curing
 k - a potion of brilliance {unknown}
 p - a potion of resistance {unknown}
 r - 2 potions of degeneration {unknown}
 v - a potion of heal wounds {unknown}
 w - a potion of invisibility {unknown}
 C - a potion of berserk rage


   Skills:
 - Level 3.0 Fighting
 + Level 9.1 Axes
 - Level 1.7 Armour
 - Level 1.7 Dodging
 - Level 4.0 Shields
 + Level 6.4 Evocations


You had 8 spell levels left.
You didn't know any spells.
Your spell library was empty.

Dungeon Overview and Level Annotations

Branches:
Dungeon (6/15)             Temple (0/1) D:5

Altars:
Makhleb
Qazlal
Trog

Shops:
D:6 *

Annotations:
D:5 1 runed translucent door, p0werm0de's ghost, amateur MiFi


Innate Abilities, Weirdness & Mutations

You have a pair of antennae on your head.
You regenerate a little health from kills.
You are immune to rotting.


Message History

The orc warrior hits you with a +2 glaive of holy wrath!
* * * LOW HITPOINT WARNING * * *
You convulse!!
* * * LOW HITPOINT WARNING * * *
You hit the orc warrior.
The orc warrior looks as sick as possible!
The orc warrior is heavily wounded.
You block the orc's attack. You block the orc warrior's attack.
The orc barely misses you.
You feel a strong urge to attack something.
You feel your anger nearly subside.
You are no longer berserk.
You are exhausted.
You feel yourself slow down. The orc barely misses you.
You block the orc warrior's attack.
There is a stone staircase leading up here.
Things that are here:
a +0 vorpal spear; a +1 hand axe The orc warrior hits you from afar with a +2 glaive of holy wrath!
You die...

▒············▒
▒▒·<·········▒ ▒▒▒·····[····
▒··········· ▒▒···········
▒▒▒▒ ▒····)▒▒▒···· ▒··▒▒▒
▒▒·····▒··▒▒▒
▒····▒▒▒▒(·······▒▒·
▒▒▒·@[·▒▒·········▒··
▒···o·······8···8···8 ▒▒
▒▒···o·····▒···▒···▒··
··▒▒··▒······▒▒·····▒▒▒·▒▒▒·
··▒··········▒·······▒···▒†·
·····▒▒(·····▒·····8···8···8
▒▒▒·▒ ▒▒··†··········▒···▒··
▒···▒▒▒▒···········▒▒▒·▒▒▒·
·······▒·▒▒··········▒·· ▒··


You could see an orc warrior (very poisoned) and an orc.

Vanquished Creatures
  Eustachio (D:4)
  Menkaure (D:4)
  A water moccasin (D:6)
  3 ice beasts (D:5)
  2 orc warriors (D:5)
  2 sky beasts
  3 ogres
  3 bullfrogs (D:6)
  2 scorpions
  2 howler monkeys
  2 hounds
  An orc wizard (D:2)
  3 orc priests
  2 bullfrog skeletons
  2 jellies
  Terence (D:3)
  A worker ant (D:6)
  Natasha (thrice) (D:3)
  A hound skeleton (D:4)
  Robin (D:4)
  4 gnolls
  7 adders
  2 ufetubi (D:5)
  3 oozes
  An adder skeleton (D:5)
  2 dart slugs
  4 worms
  7 leopard geckos
  16 orcs
  7 bats
  9 giant cockroaches
  18 goblins
  10 hobgoblins
  6 jackals
  6 quokkas
  3 ball pythons
  4 frilled lizards
  A jackal skeleton (D:4)
  7 kobolds
  19 rats
173 creatures vanquished.

Notes
Turn   | Place    | Note
-------+----------+-------------------------------------------
     0 | D:1      | Azzok the Demonspawn Berserker began the quest for the Orb.
     0 | D:1      | Reached XP level 1. HP: 18/18 MP: 1/1
    84 | D:1      | Reached skill level 3 in Axes
   213 | D:1      | Gained mutation: You regenerate a little health from kills.
                  | [demonic ancestry]
   213 | D:1      | Reached XP level 2. HP: 14/24 MP: 2/2
   744 | D:1      | Reached ** piety under Trog
  1188 | D:1      | Gained mutation: You have a pair of small antennae on your
                  | head. [demonic ancestry]
  1188 | D:1      | Reached XP level 3. HP: 29/29 MP: 3/3
  1389 | D:1      | Reached skill level 4 in Axes
  1592 | D:1      | Gained mutation: You are immune to rotting. [demonic
                  | ancestry]
  1592 | D:1      | Reached XP level 4. HP: 35/35 MP: 4/4
  2314 | D:2      | Reached skill level 5 in Axes
  2570 | D:3      | Reached *** piety under Trog
  2576 | D:3      | Reached XP level 5. HP: 37/41 MP: 5/5
  2660 | D:3      | Reached skill level 1 in Shields
  3438 | D:3      | Noticed Natasha
  3469 | D:3      | Killed Natasha
  3671 | D:3      | Noticed Terence
  3701 | D:3      | Killed Terence
  3767 | D:3      | Reached XP level 6. HP: 43/47 MP: 6/6
  4383 | D:3      | Noticed Natasha
  4389 | D:3      | Killed Natasha
  4492 | D:4      | Reached skill level 6 in Axes
  4511 | D:4      | Gained mutation: You have a pair of antennae on your head.
                  | [demonic ancestry]
  4511 | D:4      | Reached XP level 7. HP: 29/52 MP: 7/7
  4738 | D:4      | Found a burning altar of Makhleb.
  4780 | D:4      | Noticed Menkaure
  4788 | D:4      | Killed Menkaure
  5074 | D:3      | Noticed Natasha
  5082 | D:3      | Killed Natasha
  5082 | D:3      | Reached **** piety under Trog
  5286 | D:4      | Reached skill level 1 in Evocations
  5610 | D:4      | Noticed Robin
  5640 | D:4      | Killed Robin
  5733 | D:4      | Noticed Eustachio
  5748 | D:4      | Killed Eustachio
  5748 | D:4      | Reached skill level 7 in Axes
  6253 | D:5      | Entered Level 5 of the Dungeon
  6271 | D:5      | Reached XP level 8. HP: 43/58 MP: 8/8
  6389 | D:5      | Noticed a moth of wrath
  6391 | D:5      | Found a bloodstained altar of Trog.
  6544 | D:5      | Found the +4 moon troll leather armour {Spirit, Regen++
                  | MP+5}
  6604 | D:5      | Found a runed translucent door.
  6604 | D:5      | Noticed p0werm0de's ghost (amateur MiFi)
  6728 | D:5      | Reached skill level 8 in Axes
  6753 | D:5      | Found a staircase to the Ecumenical Temple.
  6780 | D:5      | Found a stormy altar of Qazlal.
  7101 | D:6      | Reached skill level 5 in Evocations
  7810 | D:6      | Reached XP level 9. HP: 45/63 MP: 9/9
  8419 | D:6      | Reached skill level 9 in Axes
  8544 | D:6      | Found Vigotoi's Elemental Accessories.
  8584 | D:6      | HP: 1/94 [orc warrior/+2 glaive of holy wrath (21)]
  8597 | D:6      | Slain by an orc warrior

Illustrated notes

Levels and vault maps discovered:
D:1:      dpeg_arrival_shelter, layout_loops_corners
D:2:      kennysheep_big_flooded_room, layout_basic
D:3:      layout_basic, uniq_terence, uniq_natasha
D:4:      layout_basic, old_standard_altar, kennysheep_generic_room_16,
          uniq_robin, uniq_menkaure, uniq_eustachio
D:5:      layout_rooms, tgw_trog, minmay_temple_entry_enclosed_plants,
          hellmonk_ghost_happy_afterlife, basic_altar
D:6:      layout_cave_pools, portal_sewer_entry_d,
          gammafunk_ghost_gnarly_gnolls, minmay_curled_crystal,
          minmay_misc_feat_four_crosses, nicolae_elemental_shop,
          minmay_manual_monstrance

Skill      XL: |  1  2  3  4  5  6  7  8  9 |
---------------+----------------------------+-----
Axes           | 3 4 5 6 7 8 9 |  9.1
Shields        | 2 3 4 |  4.0
Evocations     | 2 5 6 |  6.4
Fighting       | |  3.0
Armour         | |  1.7
Dodging        | |  1.7

Action                   |  1- 3 |  4- 6 |  7- 9 || total
-------------------------+-------+-------+-------++-------
Melee: Hand axe          |   108 |     7 |       ||   115
       Mace              |    41 |   102 |       ||   143
       Dagger            |       |   178 |   368 ||   546
Invok: Berserk           |     4 |     4 |     7 ||    15
  Use: Scroll            |     3 |     5 |       ||     8
 Stab: Sleeping          |     2 |       |       ||     2
Armor: Animal skin       |     9 |       |       ||     9
       Leather armour    |    17 |       |       ||    17
       Ring mail         |    30 |    96 |       ||   126
       Chain mail        |       |    35 |    31 ||    66
       Plate armour      |       |       |   150 ||   150
       Troll leather arm |       |       |    20 ||    20
Dodge: Dodged            |   114 |   134 |   114 ||   362
Block: Buckler           |       |    58 |   137 ||   195

Table legend: (Time is in decaauts)
 A = Elapsed time spent in this place.
 B = Non-inter-level travel time spent in this place.
 C = Inter-level travel time spent in this place.
 D = Time resting spent in this place.
 E = Time spent auto-exploring this place.
 F = Levels seen in this place.
 G = Mean time per level.
                   A        B        C        D        E       F      G
               +--------+--------+--------+--------+--------+-----+--------+
         Total |   8773 |   8594 |    179 |   2298 |   4354 |   6 | 1462.2 |
       Dungeon |   8773 |   8594 |    179 |   2298 |   4354 |   6 | 1462.2 |
               +--------+--------+--------+--------+--------+-----+--------+

Top non-repeatable levels by time:
     D:3: 2037 daAuts
     D:5: 1628 daAuts
     D:4: 1566 daAuts
     D:1: 1526 daAuts
     D:2: 1276 daAuts
     D:6: 738 daAuts
